 Dungeon Crawl Stone Soup version 0.29.1-12-g30fa7ad0bf (webtiles) character file.

Game seed: 9696307097691009946

4207 zeram the Cleaver (level 10, -4/88 HPs)
             Began as a Hill Orc Fighter on Dec 14, 2022.
             Was an Initiate of Gozag.
             Slain by an unseen horror simulacrum (7 damage)
             ... on level 9 of the Dungeon.
             The game lasted 00:12:44 (9671 turns).

zeram the Cleaver (Hill Orc Fighter)                Turns: 9671, Time: 00:12:45

Health: -4/88      AC: 18    Str: 30    XL:     10   Next: 29%
Magic:  10/10      EV:  8    Int: 14    God:    Gozag
Gold:   926        SH:  5    Dex: 10    Spells: 9/9 levels left

rFire   . . .      SeeInvis .   a - +0 war axe
rCold   . . .      Faith    .   c - +0 buckler
rNeg    . . .      Spirit   .   m - +0 plate armour
rPois   .          Reflect  .   u - +2 hat
rElec   .          Harm     .   o - +0 cloak
rCorr   .          Rampage  .   l - +0 pair of gloves
Will    .....                   (no boots)
Stlth   ..........              (no amulet)
HPRegen 0.24/turn               e - +6 ring of strength
MPRegen 0.12/turn               B - +6 ring of intelligence

@: about to teleport
A: no striking features
a: Renounce Religion, Potion Petition, Call Merchant, Bribe Branch


You were on level 9 of the Dungeon.
You worshipped Gozag.
Gozag was pleased with you.
You visited 1 branch of the dungeon, and saw 9 of its levels.
You also visited: Bailey.

You collected 1009 gold pieces.
You paid 83 gold pieces to Gozag.

Inventory:

Hand Weapons
 a - a +0 war axe (weapon)
Armour
 b - a +0 scale mail
 c - a +0 buckler (worn)
 l - a +0 pair of gloves (worn)
 m - a +0 plate armour (worn)
 o - a +0 cloak (worn)
 u - a +2 hat (worn)
Jewellery
 e - a +6 ring of strength (left hand)
 v - a ring of fire
 B - a +6 ring of intelligence (right hand)
Wands
 n - a wand of mindburst (11)
 q - a wand of paralysis (7)
 A - a wand of flame (6)
Scrolls
 d - a scroll of poison {unknown}
 f - a scroll of amnesia
 h - 6 scrolls of noise
 i - a scroll of enchant weapon {unknown}
 x - 2 scrolls of fear
Potions
 g - a potion of attraction
 j - a potion of haste {unknown}
 k - a potion of curing
 p - a potion of lignification
 r - 2 potions of degeneration
 s - 2 potions of mutation
 t - a potion of cancellation {unknown}
 w - a potion of magic {unknown}
 z - a potion of ambrosia {unknown}


   Skills:
 + Level 8.1 Fighting
 + Level 13.1 Axes
 + Level 9.0 Armour
 + Level 1.6 Dodging
 + Level 5.2 Shields
 + Level 0.6 Evocations


You had 9 spell levels left.
You didn't know any spells.
Your spell library contained the following spells:

 Spells                   Type           Power      Damage    Failure   Level
 Poisonous Vapours        Pois/Air       0%         N/A       99%         2
 Conjure Ball Lightning   Conj/Air       0%         3x3d6     100%        6
 Discord                  Hex            0%         N/A       100%        8
 Disjunction              Tloc           0%         N/A       100%        8
 Corpse Rot               Necr/Pois/Air  Unusable   N/A       N/A         4

Dungeon Overview and Level Annotations

Branches:
Dungeon (9/15)             Temple (0/1) D:6            Lair (0/5) D:8
 Bailey (visited)
    Orc: D:9-12

Altars:
Gozag
Makhleb
Nemelex Xobeh
Okawaru
Qazlal
Wu Jian
Xom
Yredelemnul
Zin
The Shining One

Annotations:
D:6 2 transporters
D:8 1 transporter


Message History

Your surroundings suddenly seem different.
Splash!
You fall into the shallow water.
Moving in this stuff is going to be slow.
An unseen horror simulacrum, a yak, a polar bear, an ufetubus, 3 white imps and a wyvern come into view.
Found a potion of berserk rage and a brass ring.
The white imp shouts, "Run away, thou currish half-faced flim-flammer!"
The white imp shouts, "Decamp, thou tottering hasty-witted nothing!"
The yak bellows!
The polar bear growls angrily.
The ufetubus shouts!
The white imp shouts!
The wyvern hisses angrily.
You block the unseen horror simulacrum's attack.
You barely miss the unseen horror simulacrum.
You hit the white imp.
The unseen horror simulacrum barely misses you.
The unseen horror simulacrum hits you but does no damage.
A white imp comes into view.
The white imp gestures at you. The puff of frost hits you!
* * * LOW HITPOINT WARNING * * *
As you read the scroll of fear, it crumbles to dust.
You assume a fearsome visage.
The white imp looks frightened!
The unseen horror simulacrum is unaffected.
The white imp looks frightened!
The yak looks frightened!
The polar bear looks frightened!
The ufetubus looks frightened!
The white imp looks frightened! x2
The white imp shouts, "Despond, thou wayward clay-brained bounder!"
The wyvern looks frightened!
The unseen horror simulacrum splashes around in the water. x2
The unseen horror simulacrum hits you but does no damage.
As you read the scroll of teleportation, it crumbles to dust.
You feel strangely unstable.
The unseen horror simulacrum hits you but does no damage. x2
The unseen horror simulacrum splashes around in the water.
The unseen horror simulacrum attacks as you move away!
The unseen horror simulacrum misses you.
The unseen horror simulacrum hits you.
* * * LOW HITPOINT WARNING * * *
The unseen horror simulacrum freezes you!
You die...
Your body crumbles into a pile of gold.

.# .#######
#...~~≈~... ..
........
+...≈~~≈≈.##..
.####### #...~.~≈≈....
.# #.l~~..≈~..# .#
#.~≈~..~..# .#
.#.~.....~.# .#
...~~.∩.~~.# .#
#.~~..@.~5# .######
#.~~...Z~.# ...(..#
#.≈..∩.~~.# ......#
#.~~...~..=+ ......###
#..~..5....#
.<.........5.Y~..h..##
......#####...~.~~..#
......# ##..~≈~..## $
####### #..~≈≈5.#


You could see a polar bear (fleeing), a yak (fleeing), a wyvern (fleeing), 2
white imps, an unseen horror simulacrum and an ufetubus (fleeing).

Vanquished Creatures
  Gastronok (D:8)
  Maurice (D:8)
  Psyche (D:8)
  A steam dragon (D:8)
  Grum (D:8)
  An orc warrior (D:8)
  2 sky beasts
  A black bear (D:7)
  An ice beast (D:5)
  2 centaurs
  2 wolves (D:8)
  A kobold brigand (D:7)
  6 bullfrogs
  A necrophage (D:8)
  2 scorpions (D:5)
  A gnoll sergeant (D:7)
  A jelly (D:6)
  The ghost of zeram the Shield-Bearer, a weakling OpFi (D:3)
  2 howler monkeys
  A hound (D:4)
  2 gnoll boudas
  3 orc priests
  5 orc wizards
  2 iguanas (D:5)
  A scorpion simulacrum (D:3)
  13 gnolls
  5 adders
  2 shadow imps
  2 white imps
  A howler monkey simulacrum (D:3)
  An ufetubus (D:5)
  A worm (D:2)
  2 dart slugs
  An adder simulacrum (D:3)
  15 orcs
  7 ball pythons
  10 endoplasms
  4 giant cockroaches
  4 goblins
  12 hobgoblins
  11 kobolds
  5 quokkas
  A ball python simulacrum (D:3)
  6 bats
  3 frilled lizards
  10 rats
159 creatures vanquished.

Notes
Turn   | Place    | Note
-------+----------+-------------------------------------------
     0 | D:1      | zeram the Hill Orc Fighter began the quest for the Orb.
     0 | D:1      | Reached XP level 1. HP: 19/19 MP: 1/1
   297 | D:1      | Reached XP level 2. HP: 22/26 MP: 2/2
   360 | D:1      | Reached skill level 3 in Axes
   414 | D:1      | Found a faded altar of an unknown god.
   731 | D:1      | Reached XP level 3. HP: 32/33 MP: 3/3
  1619 | D:2      | Reached XP level 4. HP: 40/40 MP: 4/4
  1952 | D:2      | Identified the +3 ring mail of Tenacity {rN+ rCorr Str-3
                  | Dex+4}
  2125 | D:3      | Found a runed translucent gate.
  2126 | D:3      | Found a runed translucent gate.
  2126 | D:3      | Found a runed translucent gate.
  2351 | D:3      | Reached skill level 4 in Axes
  2420 | D:3      | Noticed zeram's ghost (weakling OpFi)
  2904 | D:3      | Reached XP level 5. HP: 47/47 MP: 5/5
  2913 | D:3      | Killed zeram's ghost
  3065 | D:4      | Found a basalt altar of Yredelemnul.
  3284 | D:4      | Reached skill level 5 in Axes
  3826 | D:5      | Entered Level 5 of the Dungeon
  4000 | D:5      | Reached skill level 1 in Dodging
  4000 | D:5      | Reached XP level 6. HP: 23/53 MP: 6/6
  4200 | D:5      | Found an opulent altar of Gozag.
  4210 | D:5      | Became a worshipper of Gozag Ym Sagoz the Greedy
  4323 | D:5      | Reached skill level 6 in Axes
  4491 | D:5      | Found a sparkling altar of Nemelex Xobeh.
  4493 | D:5      | Found a burning altar of Makhleb.
  4493 | D:5      | Found a glowing golden altar of the Shining One.
  4493 | D:5      | Found an ornate altar of the Wu Jian Council.
  4499 | D:5      | Found a stormy altar of Qazlal.
  4499 | D:5      | Found an iron altar of Okawaru.
  4598 | D:5      | Found a glowing silver altar of Zin.
  4849 | D:6      | Noticed an ice beast
  4849 | D:6      | Noticed a sky beast
  4859 | D:5      | Reached skill level 5 in Fighting
  4859 | D:5      | Reached skill level 5 in Armour
  4859 | D:5      | Reached XP level 7. HP: 24/61 MP: 7/7
  5110 | D:5      | Reached skill level 7 in Axes
  5289 | D:6      | Found a transporter.
  5304 | D:6      | Noticed a kobold demonologist
  5307 | D:6      | Found a transporter.
  5390 | D:6      | Reached skill level 8 in Axes
  5393 | D:6      | Reached XP level 8. HP: 55/69 MP: 8/8
  5633 | D:6      | Found a shimmering altar of Xom.
  5773 | D:6      | Found a staircase to the Ecumenical Temple.
  5960 | D:7      | Reached skill level 9 in Axes
  6300 | D:7      | Reached skill level 10 in Axes
  7037 | D:8      | Noticed Grum
  7041 | D:8      | Killed Grum
  7042 | D:8      | Reached XP level 9. HP: 56/75 MP: 9/9
  7043 | D:8      | Reached skill level 11 in Axes
  7401 | D:8      | Found a flagged portal.
  7417 | Bailey   | Entered a bailey
  8119 | D:8      | Identified the +9 chain mail of Xeefruso {Harm rCorr}
  8427 | D:8      | Reached skill level 5 in Shields
  8467 | D:8      | Noticed Maurice
  8610 | D:8      | Paralysed by Maurice for 3 turns
  8626 | D:8      | Killed Maurice
  8627 | D:8      | Reached skill level 12 in Axes
  8667 | D:8      | Found a transporter.
  8682 | D:8      | Found a transporter.
  8684 | D:8      | Found a transporter.
  8688 | D:8      | Found a transporter.
  8914 | D:8      | Noticed Gastronok
  8918 | D:8      | Found a staircase to the Lair.
  8935 | D:8      | Killed Gastronok
  8936 | D:8      | Reached XP level 10. HP: 43/88 MP: 10/10
  9134 | D:8      | Noticed Psyche
  9150 | D:8      | Reached skill level 13 in Axes
  9172 | D:8      | HP: 4/88 [something (5)]
  9176 | D:8      | Killed Psyche
  9668 | D:9      | HP: 4/88 [white imp/puff of frost (7)]
  9671 | D:9      | Slain by an unseen horror simulacrum

Illustrated notes

Levels and vault maps discovered:
D:1:      dpeg_arrival_renting, layout_basic,
          ebering_ecumenical_altar_sacrificial
D:2:      layout_basic
D:3:      layout_loops_ring, gammafunk_ghost_icy
D:4:      layout_layer_cave, mainiacjoe_overflow_cross_hatched
D:5:      layout_basic, zin_statuary, old_standard_altar,
          minmay_overflow_temple_hex, feat_on_display
D:6:      gammafunk_wand_slinger, layout_gridville,
          nicolae_overflow_crystal_walls, minmay_temple_entry_offerings
D:7:      layout_loops_ring
D:8:      layout_basic, lair_entry_dummy, enter_bailey_4,
          nicolae_transporter_circle, uniq_psyche, uniq_gastronok, uniq_maurice,
          uniq_grum
D:9:      layout_roguey, serial_ice, serial_ice_b, serial_ice_o, serial_ice_i,
          serial_ice_e

Skill      XL: |  1  2  3  4  5  6  7  8  9 10 |
---------------+-------------------------------+-----
Axes           | 3 4 5 6 8 10 12 13 | 13.1
Armour         | 4 5 6 8 9 |  9.0
Fighting       | 4 5 6 8 |  8.1
Dodging        | 1 |  1.6
Shields        | 4 5 |  5.2
Evocations     | |  0.6

Action                   |  1- 3 |  4- 6 |  7- 9 | 10-12 || total
-------------------------+-------+-------+-------+-------++-------
Melee: War axe           |   100 |   142 |   278 |    34 ||   554
Evoke: Wand              |       |       |     3 |     2 ||     5
  Use: Scroll            |     3 |     8 |     6 |     4 ||    21
       Potion            |       |     2 |     4 |     4 ||    10
 Stab: Distracted        |       |       |     1 |       ||     1
Armor: Scale mail        |    36 |       |       |       ||    36
       Plate armour      |     3 |   101 |   210 |    30 ||   344
Dodge: Dodged            |    56 |    59 |   134 |     7 ||   256
Block: Buckler           |    25 |    31 |    61 |    12 ||   129
